 Dungeon Crawl Stone Soup version 0.31.0-12-g77e489cdc1 (webtiles) character file.

Game seed: 13552877283562001441

5101 Vkar the Basher (level 10, -7/61 HPs)
             Began as a Gargoyle Fighter on Feb 13, 2024.
             Was an Initiate of Yredelemnul.
             Mangled by a wight
             ... wielding a +2 hand axe
              (8 damage)
             ... on level 8 of the Dungeon.
             The game lasted 00:46:06 (7272 turns).

Vkar the Basher (Gargoyle Fighter)                  Turns: 7272, Time: 00:46:07

Health: -7/61      AC:  0    Str: 24    XL:     10   Next: 57%
Magic:  10/10      EV: 13    Int:  9    God:    Yredelemnul [......]
Gold:   544        SH:  0    Dex:  9    Spells: 9/9 levels left

rFire   . . .        A - melded +11 flail of Neewust {heavy, Dex+3}
rCold   . . .        c - melded +0 buckler
rNeg    + . .        m - melded +0 swamp dragon scales
rPois   ∞            (helmet currently unavailable)
rElec   .            J - melded +2 cloak
rCorr   .            (gloves currently unavailable)
SInv    .            v - melded +0 pair of boots
Will    .....        (no amulet)
Stlth   +            U - melded ring of Sunlight {rPois MP+9 SInv}
HPRegen 0.30/turn    r - melded ring of resist corrosion
MPRegen 0.12/turn

%: no passive effects
@: pig-form, marked, very quick
A: fast, no casting, sickness immunity, AC +7, small, negative energy resistance
1, (electricity resistance), torment resistance 1, petrification resistance
a: Renounce Religion, Recall Undead Harvest


You were on level 8 of the Dungeon.
You worshipped Yredelemnul.
Yredelemnul was noncommittal.
You were a filthy swine.
You visited 1 branch of the dungeon, and saw 9 of its levels.

You collected 800 gold pieces.
You spent 256 gold pieces at shops.

Inventory:

Hand Weapons
 a - a +0 flail
 x - a +0 flail
 A - the +11 flail of Neewust (melded) {heavy, Dex+3}
   (You found it on level 5 of the Dungeon)

   Dex+3:     It affects your dexterity (+3).
 M - a +2 morningstar of flaming
Missiles
 o - 24 poisoned darts (quivered)
 H - 2 throwing nets
Armour
 c - a +0 buckler (melded)
 m - +0 swamp dragon scales (melded)
 v - a +0 pair of boots (melded)
 J - a +2 cloak (melded)
Magical Staves
 w - a staff of earth
 X - a staff of fire
Jewellery
 b - a ring of flight
 r - a ring of resist corrosion (melded)
 y - a ring of ice
 F - a ring of willpower
 G - a +6 ring of dexterity
 N - a +6 ring of dexterity
 Q - a ring of ice
 U - the ring of Sunlight (melded) {rPois MP+9 SInv}
   (You found it on level 8 of the Dungeon)

   [ring of see invisible]

   rPois:     It protects you from poison MP+9: It affects your magic capacity
   (+9).
   SInv:      It lets you see invisible.
Talismans
 i - a flux talisman
Wands
 E - a wand of flame (15)
 L - a wand of iceblast (4)
 S - a wand of digging (1)
Scrolls
 f - 2 scrolls of blinking {unknown}
 g - 2 scrolls of butterflies {unknown}
 h - a scroll of enchant armour {unknown}
 k - 5 scrolls of identify
 q - 2 scrolls of poison {unknown}
 s - 3 scrolls of teleportation {unknown}
 z - a scroll of fog {unknown}
 B - 3 scrolls of silence {unknown}
 D - a scroll of noise {unknown}
 I - 2 scrolls of vulnerability {unknown}
 P - a scroll of immolation {unknown}
 R - a scroll of revelation {unknown}
 V - a scroll of brand weapon {unknown}
 W - a scroll of fear {unknown}
Potions
 d - 2 potions of might
 e - a potion of experience {unknown}
 j - 2 potions of haste
 l - 2 potions of curing
 n - a potion of ambrosia {unknown}
 p - a potion of heal wounds
 t - 3 potions of berserk rage
 C - a potion of mutation {unknown}
 K - a potion of brilliance {unknown}
 O - a potion of resistance {unknown}
 T - a potion of lignification {unknown}


   Skills:
 + Level 6.3 Fighting
 * Level 12.6 Maces & Flails
 - Level 1.1 Throwing
 + Level 6.9 Armour
 - Level 0.1 Dodging
 - Level 0.7 Stealth
 + Level 5.2 Shields
 - Level 1.4 Evocations


You had 9 spell levels left.
You didn't know any spells.
Your spell library contained the following spells:

 Spells                   Type           Power      Damage    Failure   Level
 Magic Dart               Conj           0%         1d3       38%         1
 Blink                    Tloc           0%         N/A       52%         2
 Lesser Beckoning         Tloc           0%         N/A       52%         2
 Momentum Strike          Conj/Tloc      0%         3d8       52%         2
 Searing Ray              Conj           0%         2d4       52%         2
 Dazzling Flash           Conj/Hex       0%         N/A       77%         3
 Gell's Gravitas          Tloc           0%         N/A       77%         3
 Teleport Other           Tloc           0%         N/A       77%         3
 Volatile Blastmotes      Fire/Tloc      0%         2d10      77%         3
 Fulminant Prism          Conj/Alch      0%         3d5       99%         4
 Dispersal                Tloc           0%         N/A       100%        6
 Starburst                Conj/Fire      0%         6d3       100%        6
 Maxwell's Capacitive Co  Air            0%         ∞         100%        8


Dungeon Overview and Level Annotations

Branches:
Dungeon (9/15)             Temple (0/1) D:5
   Lair: D:8-11         Orc: D:9-12

Altars:
Dithmenos
Gozag
Hepliaklqana
Nemelex Xobeh
Okawaru
Ru
Sif Muna
Yredelemnul
Zin

Shops:
D:1 *!([(   D:6 *

Annotations:
D:8 Harold
D:9 Jeremiah


Innate Abilities, Weirdness & Mutations

You are a filthy swine.
You move quickly.
Your equipment is almost entirely melded.
You are incapable of wielding weapons or throwing items.
You cannot cast spells.
You are immune to sickness and miasma.
((Your stone body is resilient. (AC +7)))
You are immune to poison.
You resist negative energy. (rN+)
((You are resistant to electric shocks. (rElec)))
You are resistant to unholy torment.
You are immune to petrification.


Message History

The wight barely misses you.
The orc wizard hits you but does no damage.
Harold hits you with a +0 war axe.
You climb upwards.
There is a stone staircase leading down here.
You closely miss the orc wizard. The wight hits you but does no damage.
The orc priest hits you but does no damage.
The orc wizard hits you but does no damage.
You bludgeon the orc wizard!!
You kill the orc wizard!
The wight barely misses you. The orc priest misses you.
You closely miss the orc priest. The wight closely misses you.
The orc priest looks encouraged for a moment.
The orc priest miscasts a cantrip.
You barely miss the orc priest.
The orc priest mumbles some strange prayers to Beogh against you.
You struggle to resist.
Harold zaps a wand.
You easily resist.
You sock the orc priest!
You kill the orc priest!
Harold zaps a wand.
You turn into a filthy swine.
The +11 flail of Neewust {heavy, Dex+3} melds into your body.
Your +2 cloak melds into your body.
Your +0 pair of boots melds into your body.
Your +0 buckler melds into your body.
Your +0 swamp dragon scales melds into your body.
The ring of Sunlight {rPois MP+9 SInv} melds into your body.
Your ring of resist corrosion melds into your body.
You feel your magic capacity decrease.
You hit Harold but do no damage.
Harold is moderately wounded.
Harold closely misses you. The wight hits you with a +2 hand axe!
* * * LOW HITPOINT WARNING * * *
You feel much better. Harold hits you with a +0 war axe! The wight misses you.
You hit Harold but do no damage.
Harold is moderately wounded.
Harold hits you with a +0 war axe!!
* * * LOW HITPOINT WARNING * * *
The wight hits you with a +2 hand axe!
You die...
Your body becomes fuel for the black torch.

#.# #..........##
#.# ##..........#
#.# #.........##
#.# ###.##...## ##
#.#
#####.##...######.
#.#
#........<........
#Z#
#z###.##...######.
#Z# #@#
#.###.####.##.
#.#####h#
#.........#..#
#.....z)#
#####....###..
#########
#####.#.#. ##.#..
#.... ###.. ##> #.
##


You could see Harold and 2 wights.

Vanquished Creatures
  Maggie (D:6)
  An unseen horror (D:8)
  A wyvern (D:6)
  2 yaks (D:8)
  Grum (D:8)
  A water moccasin (D:8)
  2 orc warriors (D:9)
  An ice beast (D:5)
  2 sky beasts (D:7)
  An ogre (D:5)
  2 wolves (D:8)
  3 centaurs
  2 phantoms
  2 kobold brigands
  2 gnoll sergeants
  A scorpion (D:5)
  2 bullfrogs
  A wight (D:9)
  10 killer bees
  A howler monkey (D:5)
  A bombardier beetle (D:6)
  2 orc priests (D:8)
  2 jellies (D:5)
  A sleepcap (D:6)
  3 hounds
  3 iguanas
  7 orc wizards
  Ijyb (D:3)
  3 adders
  11 gnolls
  A white imp (D:6)
  4 ufetubi
  7 dart slugs
  A ribbon worm (D:5)
  20 orcs
  3 endoplasms
  2 giant cockroaches
  2 goblins
  10 hobgoblins
  3 jackals (D:2)
  10 kobolds
  3 quokkas
  2 ball pythons
  6 bats
  A frilled lizard (D:3)
  A rat (D:2)
149 creatures vanquished.

Vanquished Creatures (collateral kills)
  A yak (D:8)
  A sky beast (D:8)
  An ogre (D:5)
  A centaur (D:5)
  2 wolves (D:8)
  A phantom (D:4)
  A bullfrog (D:8)
  3 killer bees
  A bombardier beetle (D:5)
  A hound (D:5)
  3 orc wizards
  A gnoll (D:4)
  A shadow imp (D:4)
  A dart slug (D:5)
  A ribbon worm (D:5)
  7 orcs
  A bat (D:3)
  A giant cockroach (D:4)
  A kobold (D:4)
  A ball python (D:4)
  A rat (D:3)
32 creatures vanquished.

Vanquished Creatures (others)
  An unseen horror zombie (D:8)
  2 yak zombies (D:8)
  A wolf zombie (D:8)
  2 bullfrog zombies (D:8)
  A centaur zombie (D:9)
  A scorpion zombie (D:5)
  3 killer bee zombies
  A howler monkey zombie (D:5)
  4 gnoll zombies
  A bombardier beetle zombie (D:5)
  14 orc zombies
  2 spectral ufetubi
33 creatures vanquished.

Grand Total: 214 creatures vanquished

Notes
Turn   | Place    | Note
-------+----------+-------------------------------------------
     0 | D:1      | Vkar the Gargoyle Fighter began the quest for the Orb.
     0 | D:1      | Reached XP level 1. HP: 14/14 MP: 1/1
   170 | D:1      | Found Yrovvoro's Antique Weapon Shoppe.
   177 | D:1      | Reached XP level 2. HP: 17/19 MP: 2/2
   271 | D:1      | Found Ycku's Antique Armour Shop.
   306 | D:1      | Reached XP level 3. HP: 18/23 MP: 3/3
   325 | D:1      | Found Feerit's Weapon Shoppe.
   498 | D:1      | Found Jijydaf's Distillery.
   507 | D:1      | Bought a potion of curing for 39 gold pieces
   526 | D:1      | Found Heluur's Assorted Antiques.
  1123 | D:3      | Found a hazy altar of Hepliaklqana.
  1247 | D:3      | Noticed Ijyb
  1253 | D:3      | Paralysed by Ijyb for 3 turns
  1257 | D:3      | Killed Ijyb
  1258 | D:3      | Reached skill level 3 in Maces & Flails
  1258 | D:3      | Reached XP level 4. HP: 29/29 MP: 4/4
  1399 | D:3      | Found a faded altar of an unknown god.
  1407 | D:3      | Prayed at the altar of an unknown god.
  1407 | D:3      | Became a worshipper of Yredelemnul the Dark
  1407 | D:3      | Reached * piety under Yredelemnul
  1658 | D:3      | Found a basalt altar of Yredelemnul.
  1893 | D:4      | Reached skill level 4 in Maces & Flails
  1893 | D:4      | Reached XP level 5. HP: 14/33 MP: 5/5
  1994 | D:4      | Noticed a phantom
  2013 | D:4      | Killed a phantom
  2016 | D:4      | Reached XP level 6. HP: 38/38 MP: 6/6
  2056 | D:4      | Reached skill level 5 in Maces & Flails
  2523 | D:5      | Entered Level 5 of the Dungeon
  2548 | D:5      | Identified the +11 flail of Neewust {heavy, Dex+3}
  2780 | D:5      | Reached skill level 6 in Maces & Flails
  2780 | D:5      | Reached XP level 7. HP: 35/43 MP: 7/7
  2936 | D:5      | Found a sand-covered staircase.
  2976 | D:5      | Found a staircase to the Ecumenical Temple.
  3103 | D:5      | Reached skill level 7 in Maces & Flails
  3103 | D:5      | Reached ** piety under Yredelemnul
  3122 | D:5      | Reached XP level 8. HP: 16/48 MP: 8/8
  3574 | D:5      | Reached *** piety under Yredelemnul
  3574 | D:5      | Reached skill level 8 in Maces & Flails
  3604 | D:5      | Reached skill level 1 in Throwing
  3892 | D:6      | Found a shadowy altar of Dithmenos.
  3897 | D:6      | Found Kuor Udgh's General Store.
  3908 | D:6      | Bought a scroll of identify for 22 gold pieces
  3911 | D:6      | Noticed Maggie
  4044 | D:6      | Reached skill level 9 in Maces & Flails
  4212 | D:6      | Found a shimmering blue altar of Sif Muna.
  4235 | D:7      | Noticed a wyvern
  4355 | D:1      | Bought an embroidered cloak for 195 gold pieces
  4449 | D:6      | Found a sacrificial altar of Ru.
  4450 | D:6      | Found a sparkling altar of Nemelex Xobeh.
  4486 | D:6      | Killed a wyvern
  4487 | D:6      | Reached skill level 5 in Armour
  4572 | D:6      | Killed Maggie
  4573 | D:6      | Reached skill level 5 in Fighting
  4573 | D:6      | Reached XP level 9. HP: 18/54 MP: 9/9
  4831 | D:7      | Reached skill level 10 in Maces & Flails
  5220 | D:7      | Found an opulent altar of Gozag.
  5342 | D:7      | Found a glowing silver altar of Zin.
  5393 | D:8      | Reached skill level 11 in Maces & Flails
  5514 | D:8      | Found an iron altar of Okawaru.
  5524 | D:8      | Identified the ring of Sunlight {rPois MP+9 SInv}
  5718 | D:8      | Reached skill level 5 in Shields
  5790 | D:8      | Noticed an unseen horror
  5796 | D:8      | Killed an unseen horror
  5797 | D:8      | Reached skill level 1 in Evocations
  5881 | D:8      | Reached XP level 10. HP: 60/60 MP: 10/10
  5897 | D:8      | Reached **** piety under Yredelemnul
  5898 | D:8      | Noticed Grum
  5903 | D:8      | Reached skill level 12 in Maces & Flails
  5910 | D:8      | Killed Grum
  6523 | D:9      | Noticed Jeremiah
  7087 | D:9      | Noticed Harold
  7272 | D:8      | HP: 1/61 [Harold/+0 war axe (24)]
  7272 | D:8      | Mangled by a wight

Illustrated notes

Levels and vault maps discovered:
D:1:      minmay_arrival_split_and_join, layout_rooms, serial_shops,
          nicolae_shop_window_shopping, nicolae_shop_bloodbath_and_beyond, shop,
          shop, shop, grunt_decor_mini_mirrors, minmay_pentomino_w4
D:2:      layout_rooms, hex_intersection
D:3:      layout_basic, mainiacjoe_overflow_big_doors,
          shapermc_ecumenical_altar_starsandcircs, uniq_ijyb
D:4:      layout_cave_pools, roderic_lattice_a
D:5:      minmay_polygon_palace, layout_basic, minmay_temple_entry_ruins,
          enter_ossuary_3
D:6:      layout_rooms, grunt_dithmenos_smoke, nicolae_overflow_hidden_temple,
          serial_shops, shop, uniq_maggie
D:7:      layout_loops_ring, pdpol_temple_overflow_zin_treasury_gozag_greed,
          minmay_circle_x
D:8:      layout_loops_ring, hellmonk_okawaru_the_only_friend_you_need,
          uniq_grum
D:9:      layout_big_octagon, uniq_jeremiah, uniq_harold

Skill      XL: |  1  2  3  4  5  6  7  8  9 10 |
---------------+-------------------------------+-----
Maces & Flails | 3 4 6 7 9 11 12 | 12.6
Armour         | 4 5 6 |  6.9
Fighting       | 4 5 6 |  6.3
Shields        | 4 5 |  5.2
Throwing       | 1 |  1.1
Evocations     | 1 |  1.4
Dodging        | |  0.1
Stealth        | |  0.7

Action                     |  1- 3 |  4- 6 |  7- 9 | 10-12 || total
---------------------------+-------+-------+-------+-------++-------
  Melee: Flail             |    93 |   101 |   114 |    87 ||   395
         Unarmed           |       |       |       |     2 ||     2
  Throw: Dart              |       |     2 |     4 |       ||     6
  Evoke: Wand              |       |       |     6 |    10 ||    16
    Use: Scroll            |       |       |     1 |     2 ||     3
         Potion            |       |       |       |     2 ||     2
   Stab: Distracted        |       |     1 |       |     1 ||     2
         Paralysed         |       |       |     4 |       ||     4
 Armour: Scale mail        |    60 |       |       |       ||    60
         Swamp dragon scal |    18 |    97 |   117 |   104 ||   336
         Skin              |       |       |       |     4 ||     4
  Dodge: Dodged            |    52 |    65 |    92 |    83 ||   292
  Block: Buckler           |    25 |    27 |    35 |    23 ||   110
